 Dungeon Crawl Stone Soup version 0.29.1-12-g30fa7ad0bf (webtiles) character file.

Game seed: 14885692227135594482

777 KittyFluff the Covered (level 7, -3/44 HPs)
             Began as a Gargoyle Berserker on Jan 13, 2023.
             Was a Priest of Trog.
             Slain by a killer bee (8 damage)
             ... on level 5 of the Dungeon.
             The game lasted 00:17:53 (4120 turns).

KittyFluff the Covered (Gargoyle Berserker)         Turns: 4120, Time: 00:17:54

Health: -3/44      AC:  9    Str: 23    XL:     7   Next: 84%
Magic:  7/7        EV: 17    Int:  7    God:    Trog [***...]
Gold:   222        SH:  0    Dex: 15    Spells: 6/6 levels left

rFire   . . .      SeeInvis .   a - +1 mace
rCold   . . .      Faith    .   (no shield)
rNeg    + . .      Spirit   .   l - +0 leather armour
rPois   ∞          Reflect  .   (no helmet)
rElec   +          Harm     .   (no cloak)
rCorr   .          Rampage  .   (no gloves)
Will    .....                   t - +0 pair of boots
Stlth   +.........              (no amulet)
HPRegen 0.14/turn               c - +6 ring of dexterity
MPRegen 0.10/turn               w - +4 ring of evasion

@: brilliant, attractive
A: sickness immunity, AC +4, negative energy resistance 1, electricity
resistance, torment resistance 1, petrification resistance
a: Renounce Religion, Berserk, Trog's Hand


You were on level 5 of the Dungeon.
You worshipped Trog.
Trog was most pleased with you.
You visited 1 branch of the dungeon, and saw 5 of its levels.
You also visited: Sewer.

You collected 222 gold pieces.

Inventory:

Hand Weapons
 a - a +1 mace (weapon)
 d - a +2 whip of electrocution
 g - a +0 sling
 C - a +0 arbalest
Missiles
 f - 24 stones (quivered)
Armour
 h - an orb of light
 l - a +0 leather armour (worn)
 m - a +0 ring mail
 n - a +0 scale mail of cold resistance
 t - a +0 pair of boots (worn)
Jewellery
 c - a +6 ring of dexterity (left hand)
 q - a ring of positive energy
 v - a ring of see invisible
 w - a +4 ring of evasion (right hand)
 x - an amulet of guardian spirit
 A - a ring of protection from cold
Wands
 y - a wand of digging (9)
 B - a wand of quicksilver (24)
Scrolls
 b - a scroll of summoning {unknown}
 j - 4 scrolls of teleportation
 o - a scroll of blinking
 p - a scroll of poison
 r - a scroll of brand weapon {unknown}
Potions
 e - 2 potions of brilliance
 i - a potion of degeneration
 k - a potion of cancellation
 s - 2 potions of attraction
 z - a potion of haste
 D - a potion of berserk rage {unknown}
 E - a potion of mutation {unknown}


   Skills:
 + Level 4.9 Fighting
 * Level 5.7 Maces & Flails
 * Level 5.7 Armour
 + Level 3.2 Dodging


You had 6 spell levels left.
You didn't know any spells.
Your spell library was empty.

Dungeon Overview and Level Annotations

Branches:
Dungeon (5/15)              Sewer (visited)
 Temple: D:4-7

Altars:
Yredelemnul

Shops:
D:3 (


Innate Abilities, Weirdness & Mutations

You are immune to sickness and miasma.
Your stone body is resilient. (AC +4)
You are immune to poison.
You resist negative energy. (rN+)
You are resistant to electric shocks. (rElec)
You are resistant to unholy torment.
You are immune to petrification.


Message History

You miss the killer bee.
The killer bee is severely wounded.
The killer bee misses you. The killer bee stings you.
You hit the killer bee.
The killer bee is almost dead.
The killer bee misses you.
You hit the killer bee but do no damage.
The killer bee is almost dead.
The killer bee stings you.
* * * LOW HITPOINT WARNING * * *
The killer bee closely misses you.
You hit the killer bee.
The killer bee is almost dead.
The killer bee stings you but does no damage.
The killer bee stings you.
* * * LOW HITPOINT WARNING * * *
It was a potion of brilliance.
You feel clever all of a sudden. The killer bee misses you.
The killer bee barely misses you.
As you read the scroll labelled OXILOEF XI NUA, it crumbles to dust.
It is a scroll of enchant weapon.
Your +0 mace glows red for a moment.
The killer bee barely misses you. The killer bee completely misses you.
Blink to where?
Press: ? - help, Dir - move target, f - you Are you sure you want to cancel this blink? [Y]es or [N]o only, please.
Are you sure you want to cancel this blink? [Y]es or [N]o only, please.
Are you sure you want to cancel this blink?
Blink to where?
Press: ? - help, Dir - move target
As you read the scroll labelled VUTHUI INLOHI, it crumbles to dust.
It was a scroll of blinking.
Your +2 whip of electrocution stops crackling.
a - a +1 mace (weapon)
It was a potion of attraction.
You feel attractive to monsters. The killer bee stings you!
You die...

## #### #.##
##..# ##.##
###.### #...###
##..##
#.....####
##..##
#........#
##..## ####
#........###@.##
##..#####
#..........y###
##.......##
#.........y##
##..........
##.........##
##...........
#........y##
##............
##......y.#
##.............
#........#
#..............
#####....#
##..............
###.##
#...............


You could see 4 killer bees.

Vanquished Creatures
  Pargi (Sewer)
  An ice beast (D:5)
  2 ogres (D:5)
  A phantom (D:5)
  A necrophage (D:4)
  A scorpion (D:4)
  A hound (D:5)
  An orc priest (D:4)
  8 adders
  An ufetubus (D:4)
  3 worms
  A dart slug (D:4)
  4 orcs (D:4)
  5 ball pythons
  10 endoplasms
  6 giant cockroaches
  5 goblins
  8 hobgoblins
  10 jackals
  6 quokkas
  2 bats
  4 frilled lizards
  5 kobolds
  2 rats (D:1)
89 creatures vanquished.

Vanquished Creatures (others)
  2 plants (D:5)
2 creatures vanquished.

Grand Total: 91 creatures vanquished

Notes
Turn   | Place    | Note
-------+----------+-------------------------------------------
     0 | D:1      | KittyFluff the Gargoyle Berserker began the quest for the
                  | Orb.
     0 | D:1      | Reached XP level 1. HP: 14/14 MP: 1/1
    85 | D:1      | Reached XP level 2. HP: 19/19 MP: 2/2
   521 | D:1      | Reached ** piety under Trog
   527 | D:1      | Reached XP level 3. HP: 20/23 MP: 3/3
  1311 | D:2      | Reached XP level 4. HP: 28/28 MP: 4/4
  1639 | D:3      | Found a glowing drain.
  1680 | Sewer    | Entered a sewer
  1721 | Sewer    | Noticed Pargi
  1730 | Sewer    | Killed Pargi
  1731 | Sewer    | Reached XP level 5. HP: 31/33 MP: 5/5
  1929 | D:3      | Found Ytaed's Weapon Shoppe.
  2717 | D:4      | Reached XP level 6. HP: 36/38 MP: 6/6
  2971 | D:4      | Reached *** piety under Trog
  3005 | D:4      | Found a basalt altar of Yredelemnul.
  3383 | D:5      | Entered Level 5 of the Dungeon
  3397 | D:5      | Reached skill level 5 in Maces & Flails
  3397 | D:5      | Reached skill level 5 in Armour
  3397 | D:5      | Reached XP level 7. HP: 18/44 MP: 7/7
  4120 | D:5      | Slain by a killer bee

Illustrated notes

Levels and vault maps discovered:
D:1:      spicycebolla_arrival_xxxplode, layout_rooms
D:2:      layout_basic, grunt_decor_fettered, grunt_ministairs_3
D:3:      layout_basic, serial_shops, shop, gup_sewer_entry_glass,
          minmay_misc_feat_roman, minmay_misc_feat_plants, serial_bayou_ford_a,
          kennysheep_generic_room_15
D:4:      layout_basic, mainiacjoe_overflow_surrounded_room, corexii_shack,
          minmay_misc_feat_rows
D:5:      corexii_shantytown, layout_cave_pods

Skill      XL: |  1  2  3  4  5  6  7 |
---------------+----------------------+-----
Armour         | 3 4 5 |  5.7
Dodging        | 2 3 |  3.2
Fighting       | 4 |  4.9
Maces & Flails | 4 5 |  5.7

Action                   |  1- 3 |  4- 6 |  7- 9 || total
-------------------------+-------+-------+-------++-------
Melee: Whip              |    91 |   106 |    60 ||   257
       Mace              |     7 |       |       ||     7
Throw: Stone             |     3 |       |       ||     3
  Use: Scroll            |       |     5 |     2 ||     7
       Potion            |       |       |     2 ||     2
 Stab: Sleeping          |     1 |     2 |     1 ||     4
Armor: Animal skin       |     9 |       |       ||     9
       Leather armour    |    14 |    38 |    19 ||    71
Dodge: Dodged            |    51 |    68 |    55 ||   174
